Selects Airborne Battlegroup
Construct Weapon Support Center
Construct Medical Station
Selects Paratrooper Squad Paradrop
Paratrooper Squad Paradrop
Mechanized Support Center
Paratrooper Squad Paradrop
Designate Forward Repair Station
Selects Anti-tank Gun Team Paradrop
Selects Paradrop Reinforcements
M4A1(76) Sherman Medium Tank
Selects Carpet Bombing Run
Improved M9 Bazooka Rockets
M18 Hellcat Tank Destroyer
Paratrooper Squad Paradrop
M4A1(76) Sherman Medium Tank